 Dungeon Sprint DCSS version 0.21.1-1-g345015f (webtiles) character file.

175130 Fang the Axe Maniac (level 16, -4/183 HPs)
             Began as a Minotaur Berserker on May 22, 2018.
             Was the Champion of Trog.
             Slain by Jory
             ... wielding a +6 great sword
              (17 damage)
             ... in the Dungeon (Sprint IX: "|||||||||||||||||||||||||||||").
             The game lasted 00:24:50 (6301 turns).

Fang the Axe Maniac (Minotaur Berserker)            Turns: 6301, Time: 00:24:51

Health: -4/183     AC: 42    Str: 33    XL:     16   Next: 8%
Magic:  15/15      EV: 20    Int:  4    God:    Trog [******]
Gold:   913        SH:  0    Dex:  9    Spells: 15/15 levels left

rFire    + . .     SeeInvis +   p - +8 battleaxe of the Globe {chop, Stlth+}
rCold    . . .     Gourm    .   (shield currently unavailable)
rNeg     . . .     Faith    .   y - +10 chain mail "Cuarurug" {rPois rF+}
rPois    +         Spirit   .   s - +2 hat
rElec    .         Reflect  .   t - +2 cloak
rCorr    .         Harm     .   n - +2 pair of gloves
MR       +....     NoTele   +   A - +2 pair of boots
Stlth    +.........             H - amulet of regeneration
HPRegen  0.80/turn              z - ring of see invisible
MPRegen  0.14/turn              q - +3 ring of strength

@: berserk cooldown, mesmerised, slowed, very slow
A: retaliatory headbutt, horns 2
}: 4/15 runes: decaying, serpentine, barnacled, gossamer
a: Berserk, Trog's Hand, Brothers in Arms, Burn Spellbooks, Renounce Religion


You were in the Dungeon.
You worshipped Trog.
Trog was exalted by your worship.
You were hungry.

You visited 1 branch You collected 1930 gold pieces.
You spent 1017 gold pieces at shops.

Inventory:

Hand Weapons
 a - a +9 battleaxe of freezing
 p - the +8 battleaxe of the Globe (weapon) {chop, Stlth+}
   (Trog gifted it to you in the Dungeon)

   It inflicts extra damage upon your enemies.
   It makes you more stealthy.
 u - a +6 antimagic battleaxe
 v - the +2 battleaxe of Eromast {chop, rC+ rN+}
   (Trog gifted it to you in the Dungeon)

   It inflicts extra damage upon your enemies.
   It protects you from cold.
   It protects you from negative energy.
 w - the +9 executioner's axe of a sewer {chop, Int+4}
   (Trog gifted it to you in the Dungeon)

   It inflicts extra damage upon your enemies.
   It affects your intelligence (+4).
 x - a +3 executioner's axe of electrocution
 I - the +1 battleaxe of Fixation {freeze, rPois rC+ MR+}
   (You found it in the Dungeon)

   It has been specially enchanted to freeze those struck by it, causing extra
   injury to most foes and up to half again as much damage against particularly
   susceptible opponents.
   It can also slow down cold-blooded creatures.
   It protects you from cold.
   It protects you from poison.
   It affects your resistance to hostile enchantments.
 K - a +4 battleaxe of flaming
Armour
 n - a +2 pair of gloves (worn)
 s - a +2 hat (worn)
 t - a +2 cloak (worn)
 y - the +10 chain mail "Cuarurug" (worn) {rPois rF+}
   (You bought it in a shop in the Dungeon)

   It protects you from fire.
   It protects you from poison.
 A - a +2 pair of boots (worn)
Jewellery
 q - a +3 ring of strength (right hand)
 z - a ring of see invisible (left hand)
 C - a +6 ring of dexterity
 F - a +4 ring of evasion
 G - a +6 ring of dexterity
 H - an amulet of regeneration (around neck)
Wands
 l - a wand of acid (10)
Scrolls
 i - 6 scrolls of blinking
 k - 10 scrolls of remove curse
 m - 2 scrolls of fog
 B - 2 scrolls of fear
 J - a scroll of enchant armour
Potions
 b - 2 potions of brilliance
 d - 5 potions of curing
 e - a potion of invisibility
 f - 2 potions of haste
 g - 4 potions of magic
 h - a potion of berserk rage
 j - 3 potions of heal wounds
 o - a potion of might
 r - 2 potions of resistance
Comestibles
 c - 8 rations
 D - a chunk of flesh


   Skills:
 O Level 27 Fighting
 O Level 27 Axes
 O Level 27 Armour
 + Level 22.7 Dodging
 + Level 5.8 Stealth


You had 15 spell levels left.
You didn't know any spells.

Dungeon Overview and Level Annotations

Branches:
Dungeon (1/1)

Altars:
Cheibriados
Dithmenos
Elyvilon
Fedhas
Gozag
Hepliaklqana
Kikubaaqudgha
Makhleb
Nemelex Xobeh
Okawaru
Qazlal
Ru
Sif Muna
Trog
Uskayaw
Vehumet
Wu Jian
Xom
Yredelemnul
Zin
The Shining One
Beogh
Jiyva
Lugonu

Shops:
D [**=

Annotations:
D Jory, Sojobo


Innate Abilities, Weirdness & Mutations

You reflexively headbutt those who attack you in melee.
You have a pair of horns on your head.


Message History

You hit Jory. Your headbutt misses Jory.
Jory is lightly damaged.
Jory hits you with an enchanted great sword!
* * * LOW HITPOINT WARNING * * *
Jory barely misses you.
Unknown command.
You slash Jory! You headbutt Jory!!
Jory is moderately damaged.
Jory hits you but does no damage. Jory barely misses you.
Unknown command.
You cannot move away from Jory!
Unknown command.
You aren't carrying any armour which can be enchanted further.
You hit Jory. You headbutt Jory!
Jory is moderately damaged.
Unknown command.
You slice Jory like a ripe choko!!! Your headbutt misses Jory.
Jory is severely damaged.
Jory hits you with an enchanted great sword!
You die...

.▓.▓.▓.▓.▓.▓.♣.♣)▓
.▓)▓.▓.▓(▓.▓.♣.♣)▓
.▓.▓.▓.▓(▓.▓.♣÷♣)▓
.▓÷▓.▓.▓(▓.▓.♣'♣.▓
.▓)▓.▓.▓(▓.▓.▓)▓.▓
.▓)▓.▓)▓(▓.▓.▓.▓.▓
.▓÷▓.▓)▓)▓.▓.▓.▓.▓
.▓'▓.▓)▓)▓!▓.▓)▓.▓
.♣(♣.▓)▓.▓!▓.▓)▓@▓
.♣.♣.▓)▓.▓.▓.▓)▓V▓
.♣.♣.▓)▓.▓.▓.▓)▓E▓
.♣.♣.▓)▓.▓.▓.▓)▓Q▓
.♣.♣.▓)▓.▓.▓.▓)▓Q▓
.♣.♣.▓)▓.▓.▓.▓)▓Q▓
.♣.♣.▓(▓.▓.▓.▓)▓*▓
.♣†♣.▓)▓.▓.▓.▓)▓*▓
.♣.♣.▓)▓.▓[▓.▓(▓.▓


You could see Jory, Sojobo, 2 tengu reavers, an air elemental and 2
battlespheres.

Vanquished Creatures
  Mara (D)
  Margery (D)
  A sphinx (D)
  Gastronok (D)
  A shadow dragon (D)
  2 fire giants (D)
  Ilsuiw (D)
  6 nagarajas (D)
  2 frost giants (D)
  5 ghost moths (D)
  Aizul (D)
  5 emperor scorpions (D)
  Louise (D)
  An ironheart preserver (D)
  An entropy weaver (D)
  2 stone giants (D)
  Nessos (D)
  5 merfolk javelineers (D)
  3 ettins (D)
  2 fire dragons (D)
  3 merfolk impalers (D)
  A fire dragon (shapeshifter) (D)
  A yaktaur captain (D)
  Josephine (D)
  3 great orbs of eyes (D)
  3 naga warriors (D)
  9 hydras (D)
  A ghost crab (D)
  A merfolk avatar (D)
  2 alligators (D)
  A centaur warrior (D)
  3 merfolk aquamancers (D)
  A two-headed ogre (D)
  A death yak (D)
  An anaconda (D)
  Urug (D)
  A tengu warrior (D)
  A vampire mage (D)
  2 deep troll earth magi (D)
  An ogre mage (D)
  2 shock serpents (D)
  3 hell knights (D)
  A shadow wraith (D)
  A deep elf knight (D)
  A fire crab (shapeshifter) (D)
  A sea snake (D)
  A glowing orange brain (D)
  A swamp dragon (shapeshifter) (D)
  5 swamp dragons (D)
  3 ironbrand convokers (D)
  2 orc knights (D)
  2 necromancers (D)
  A wizard (D)
  A wolf spider (D)
  A salamander (shapeshifter) (D)
  A moth of wrath (D)
  A salamander (D)
  4 orc sorcerers (D)
  4 cyclopes (D)
  2 guardian serpents (D)
  2 naga magi (D)
  2 vault sentinels (D)
  2 water nymphs (D)
  A black mamba (D)
  2 spiny frogs (D)
  2 komodo dragons (D)
  4 yaktaurs (D)
  A freezing wraith (D)
  2 tengu conjurers (D)
  4 demonic crawlers (D)
  2 merfolk (D)
  3 jumping spiders (D)
  A hornet (D)
  A dream sheep (D)
  3 tyrant leeches (D)
  4 hippogriffs (D)
  2 snapping turtles (D)
  2 tarantellas (D)
  A water elemental (D)
  5 wraiths (D)
  A basilisk (D)
  Grum (D)
  3 vampire mosquitoes (D)
  3 nagas (D)
  An insubstantial wisp (D)
  3 water moccasins (D)
  A porcupine (D)
  13 orc warriors (D)
  A phantom (D)
  An ogre (D)
  2 wolves (D)
  A centaur (D)
  3 crocodiles (D)
  8 bullfrogs (D)
  2 crimson imps (D)
  4 orc priests (D)
  15 orc wizards (D)
  2 shadow imps (D)
  An adder skeleton (D)
  3 orcs (D)
  A giant cockroach (D)
  A bat (D)
  A giant cockroach zombie (D)
  A jackal zombie (D)
  A kobold (D)
  A quokka skeleton (D)
  2 rats (D)
242 creatures vanquished.

Vanquished Creatures (others)
  A merfolk aquamancer (D)
  A hydra (D)
  A guardian serpent (D)
  A tengu conjurer (D)
  A slime creature (D)
  A swamp drake (D)
6 creatures vanquished.

Grand Total: 248 creatures vanquished

Notes
Turn   | Place    | Note
-------+----------+-------------------------------------------
     0 | D        | Fang the Minotaur Berserker began the quest for the Orb.
     0 | D        | Reached XP level 1. HP: 19/19 MP: 0/0
    12 | D        | Reached ** piety under Trog
    97 | D        | Noticed an orc wizard
    97 | D        | Noticed a phantom
   104 | D        | Killed an orc wizard
   104 | D        | Reached *** piety under Trog
   104 | D        | Reached skill level 5 in Fighting
   104 | D        | Reached XP level 2. HP: 30/30 MP: 1/1
   104 | D        | Reached XP level 3. HP: 37/37 MP: 2/2
   123 | D        | HP: 1/37 [phantom (8)]
   143 | D        | Killed a phantom
   143 | D        | Reached **** piety under Trog
   143 | D        | Reached XP level 4. HP: 26/47 MP: 3/3
   382 | D        | Found a roughly hewn altar of Beogh.
   382 | D        | Found a snail-covered altar of Cheibriados.
   382 | D        | Found a shadowy altar of Dithmenos.
   382 | D        | Found a white marble altar of Elyvilon.
   382 | D        | Found a blossoming altar of Fedhas.
   382 | D        | Found an opulent altar of Gozag.
   383 | D        | Found a hazy altar of Hepliaklqana.
   384 | D        | Found a viscous altar of Jiyva.
   385 | D        | Found an ancient bone altar of Kikubaaqudgha.
   386 | D        | Found a corrupted altar of Lugonu.
   387 | D        | Found a burning altar of Makhleb.
   388 | D        | Found a sparkling altar of Nemelex Xobeh.
   389 | D        | Found an iron altar of Okawaru.
   390 | D        | Found a stormy altar of Qazlal.
   391 | D        | Found a sacrificial altar of Ru.
   392 | D        | Found a deep blue altar of Sif Muna.
   393 | D        | Found a bloodstained altar of Trog.
   394 | D        | Found a hide-covered altar of Uskayaw.
   395 | D        | Found a radiant altar of Vehumet.
   396 | D        | Found an ornate altar of the Wu Jian Council.
   397 | D        | Found a shimmering altar of Xom.
   398 | D        | Found a basalt altar of Yredelemnul.
   399 | D        | Found a glowing silver altar of Zin.
   400 | D        | Found a glowing golden altar of the Shining One.
   449 | D        | Noticed a centaur
   449 | D        | Noticed a two-headed ogre
   449 | D        | Noticed a bullfrog
   449 | D        | Noticed an ogre
   449 | D        | Noticed a crocodile
   452 | D        | Killed a crocodile
   452 | D        | Reached skill level 5 in Dodging
   452 | D        | Reached XP level 5. HP: 56/56 MP: 4/4
   454 | D        | Killed an ogre
   454 | D        | Reached skill level 10 in Axes
   454 | D        | Reached XP level 6. HP: 64/64 MP: 5/5
   459 | D        | Killed a two-headed ogre
   459 | D        | Reached XP level 7. HP: 75/75 MP: 6/6
   462 | D        | Reached ***** piety under Trog
   466 | D        | Received a gift from Trog
   466 | D        | Reached XP level 8. HP: 53/83 MP: 7/7
   585 | D        | Noticed a cyclops
   585 | D        | Noticed a tengu conjurer
   585 | D        | Noticed a hippogriff
   587 | D        | Killed a hippogriff
   594 | D        | Killed a tengu conjurer
   602 | D        | Killed a cyclops
   602 | D        | Reached skill level 15 in Axes
   751 | D        | Noticed a komodo dragon
   751 | D        | Noticed a hippogriff
   753 | D        | Received a gift from Trog
   753 | D        | Reached XP level 9. HP: 93/93 MP: 8/8
   754 | D        | Noticed a death yak
   757 | D        | Killed a komodo dragon
   757 | D        | Reached ****** piety under Trog
   759 | D        | Reached skill level 10 in Dodging
   761 | D        | Noticed a spiny frog
   767 | D        | Killed a death yak
   769 | D        | Received a gift from Trog
   771 | D        | Killed a spiny frog
   949 | D        | Noticed a komodo dragon
   951 | D        | Reached skill level 15 in Fighting
   951 | D        | Reached XP level 10. HP: 88/105 MP: 3/9
   954 | D        | Received a gift from Trog
  1117 | D        | Received a gift from Trog
  1129 | D        | Noticed a spiny frog
  1140 | D        | Killed a spiny frog
  1140 | D        | Reached skill level 1 in Stealth
  1553 | D        | Noticed Urug
  1562 | D        | Killed Urug
  1562 | D        | Reached skill level 10 in Armour
  1644 | D        | Noticed Josephine
  1651 | D        | Received a gift from Trog
  1656 | D        | Killed Josephine
  1658 | D        | Reached XP level 11. HP: 116/116 MP: 3/10
  1757 | D        | Noticed an orc sorcerer
  1761 | D        | Killed an orc sorcerer
  1764 | D        | Received a gift from Trog
  1777 | D        | Received a gift from Trog
  1784 | D        | Received a gift from Trog
  1790 | D        | Got a steaming battleaxe {god gift}
  1793 | D        | Got a transparent executioner's axe {god gift}
  1794 | D        | Identified the +2 battleaxe of Eromast {chop, rC+ rN+} (Trog gifted it to you in the Dungeon)
  1795 | D        | Identified the +9 executioner's axe of a sewer {chop, Int+4} (Trog gifted it to you in the Dungeon)
  1826 | D        | Noticed an orc knight
  1831 | D        | Killed an orc knight
  1853 | D        | Received a gift from Trog
  2077 | D        | Found Zikiskec's Jewellery Boutique.
  2077 | D        | Noticed an orc sorcerer
  2080 | D        | Received a gift from Trog
  2083 | D        | Found Selag's Assorted Antiques.
  2085 | D        | Killed an orc sorcerer
  2089 | D        | Received a gift from Trog
  2090 | D        | Found Sysmaclu's General Store.
  2092 | D        | Found Layzyps's Armour Shop.
  2097 | D        | Noticed an orc sorcerer
  2100 | D        | Noticed an orc sorcerer
  2104 | D        | Killed an orc sorcerer
  2104 | D        | Received a gift from Trog
  2110 | D        | Killed an orc sorcerer
  2180 | D        | Bought the +10 chain mail "Cuarurug" {rPois rF+} for 1017 gold pieces
  2284 | D        | Noticed Gastronok
  2294 | D        | Killed Gastronok
  2528 | D        | Noticed a tengu warrior
  2528 | D        | Noticed an ogre mage
  2537 | D        | Noticed a glowing orange brain
  2537 | D        | Killed an ogre mage
  2537 | D        | Received a gift from Trog
  2541 | D        | Killed a tengu warrior
  2542 | D        | Noticed an ettin
  2545 | D        | Noticed a centaur warrior
  2546 | D        | Noticed a fire giant
  2547 | D        | Noticed a great orb of eyes
  2551 | D        | Noticed a stone giant
  2551 | D        | Killed a glowing orange brain
  2551 | D        | Received a gift from Trog
  2551 | D        | Reached XP level 12. HP: 129/129 MP: 11/11
  2554 | D        | Killed an ettin
  2558 | D        | Killed a fire giant
  2560 | D        | Killed a centaur warrior
  2561 | D        | Killed a great orb of eyes
  2567 | D        | Killed a stone giant
  2567 | D        | Received a gift from Trog
  2849 | D        | Noticed Grum
  2857 | D        | Killed Grum
  2946 | D        | Noticed an emperor scorpion
  2948 | D        | Received a gift from Trog
  2960 | D        | Killed an emperor scorpion
  2981 | D        | Noticed a nagaraja
  2981 | D        | Noticed an anaconda
  2991 | D        | Killed an anaconda
  2993 | D        | Received a gift from Trog
  3005 | D        | Killed a nagaraja
  3005 | D        | Reached XP level 13. HP: 137/141 MP: 12/12
  3169 | D        | Received a gift from Trog
  3314 | D        | Noticed a merfolk javelineer
  3326 | D        | Received a gift from Trog
  3334 | D        | Killed a merfolk javelineer
  3335 | D        | Received a gift from Trog
  3774 | D        | Noticed a shadow dragon
  3774 | D        | Noticed a stone giant
  3774 | D        | Noticed an ettin
  3781 | D        | Noticed a frost giant
  3782 | D        | Killed an ettin
  3787 | D        | Killed a stone giant
  3787 | D        | Received a gift from Trog
  3787 | D        | Reached skill level 15 in Armour
  3795 | D        | Killed a shadow dragon
  3801 | D        | Killed a frost giant
  3801 | D        | Reached skill level 27 in Axes
  3802 | D        | Noticed a frost giant
  3808 | D        | Received a gift from Trog
  3816 | D        | Killed a frost giant
  3817 | D        | Noticed a fire giant
  3823 | D        | Killed a fire giant
  3823 | D        | Received a gift from Trog
  3833 | D        | Reached XP level 14. HP: 48/158 MP: 13/13
  3853 | D        | Got a slimy battleaxe {god gift}
  3854 | D        | Identified the +8 battleaxe of the Globe {chop, Stlth+} (Trog gifted it to you in the Dungeon)
  4421 | D        | Noticed a sphinx
  4424 | D        | Received a gift from Trog
  4436 | D        | Received a gift from Trog
  4439 | D        | Killed a sphinx
  4459 | D        | Received a gift from Trog
  4461 | D        | Noticed an entropy weaver
  4464 | D        | Noticed an ironheart preserver
  4468 | D        | Received a gift from Trog
  4480 | D        | Killed an entropy weaver
  4483 | D        | Killed an ironheart preserver
  4738 | D        | Noticed Louise
  4740 | D        | Noticed Nessos
  4755 | D        | Killed Louise
  4755 | D        | Received a gift from Trog
  4759 | D        | Killed Nessos
  5158 | D        | Got the +1 battleaxe of Fixation {freeze, rPois rC+ MR+}
  5224 | D        | Noticed Mara
  5236 | D        | Killed Mara
  5236 | D        | Reached skill level 27 in Fighting
  5236 | D        | Reached skill level 15 in Dodging
  5326 | D        | Noticed a nagaraja
  5326 | D        | Noticed a nagaraja
  5326 | D        | Noticed a nagaraja
  5327 | D        | Noticed a nagaraja
  5338 | D        | Noticed a nagaraja
  5338 | D        | Killed a nagaraja
  5341 | D        | Killed a nagaraja
  5348 | D        | Received a gift from Trog
  5349 | D        | Killed a nagaraja
  5352 | D        | Killed a nagaraja
  5352 | D        | Reached XP level 15. HP: 174/174 MP: 14/14
  5360 | D        | Killed a nagaraja
  5364 | D        | Received a gift from Trog
  5378 | D        | Got a serpentine rune of Zot
  5458 | D        | Noticed a ghost moth
  5472 | D        | Received a gift from Trog
  5475 | D        | Killed a ghost moth
  5476 | D        | Noticed a ghost moth
  5498 | D        | Killed a ghost moth
  5500 | D        | Noticed a ghost moth
  5501 | D        | Noticed a ghost moth
  5502 | D        | Received a gift from Trog
  5507 | D        | Killed a ghost moth
  5511 | D        | Killed a ghost moth
  5511 | D        | Received a gift from Trog
  5515 | D        | Noticed a ghost moth
  5518 | D        | Got a gossamer rune of Zot
  5524 | D        | Killed a ghost moth
  5667 | D        | Noticed Ilsuiw
  5676 | D        | Received a gift from Trog
  5693 | D        | Killed Ilsuiw
  5703 | D        | Received a gift from Trog
  5739 | D        | Received a gift from Trog
  5740 | D        | Reached skill level 5 in Stealth
  5767 | D        | Reached skill level 27 in Armour
  6069 | D        | Got a barnacled rune of Zot
  6130 | D        | Got a decaying rune of Zot
  6153 | D        | Noticed Aizul
  6165 | D        | Killed Aizul
  6177 | D        | Noticed Margery
  6184 | D        | Received a gift from Trog
  6192 | D        | Killed Margery
  6192 | D        | Reached XP level 16. HP: 183/183 MP: 15/15
  6255 | D        | Noticed Sojobo
  6256 | D        | Noticed a tengu reaver
  6257 | D        | Noticed a tengu reaver
  6275 | D        | Noticed Jory
  6301 | D        | Slain by Jory

Skill      XL: |  1  2  3  4  5  6  7  8  9 10 11 12 13 14 15 |
---------------+----------------------------------------------+-----
Fighting       | 5 7 8 9 11 12 13 15 16 18 20 23 27 | 27.0
Axes           | 6 8 9 10 13 15 17 20 22 25 27 | 27.0
Armour         | 3 4 6 7 8 10 12 14 16 21 27 | 27.0
Dodging        | 3 4 5 6 8 9 10 11 12 13 15 22 | 22.7
Stealth        | 1 2 3 4 5 |  5.8

Action                   |  1- 3 |  4- 6 |  7- 9 | 10-12 | 13-15 | 16-18 || total
-------------------------+-------+-------+-------+-------+-------+-------++-------
Melee: Hand axe          |    29 |       |       |       |       |       ||    29
       Headbutt          |     9 |     3 |    11 |    44 |   114 |     9 ||   190
       Broad axe         |       |     8 |    37 |       |       |       ||    45
       Battleaxe         |       |       |     7 |    87 |   306 |    34 ||   434
       War axe           |       |       |       |    30 |       |       ||    30
       Executioner's axe |       |       |       |   106 |    98 |       ||   204
Invok: Berserk           |     1 |     1 |     2 |     9 |     9 |     1 ||    23
  Use: Potion            |     1 |       |       |     1 |     6 |     3 ||    11
       Scroll            |       |       |       |     2 |     7 |       ||     9
  Eat: Chunk             |       |       |     4 |    10 |     9 |     2 ||    25
       Ration            |       |       |       |     1 |     3 |       ||     4
Armor: Animal skin       |     3 |       |       |       |       |       ||     3
       Ring mail         |       |       |    10 |    16 |       |       ||    26
       Chain mail        |       |       |       |    50 |   287 |    20 ||   357
Dodge: Dodged            |    14 |     4 |    22 |    92 |   306 |    28 ||   466
